 Dungeon Crawl Stone Soup version 0.18-a0-1164-g7046a04 (webtiles) character file.

136 rufusb the Skirmisher (level 5, -4/52 HPs)
             Began as a Kobold Berserker on Jan 26, 2016.
             Was a Believer of Trog.
             Killed by nerve-wracking pain
             ... invoked by Jessica
              (8 damage)
             ... on level 3 of the Dungeon.
             The game lasted 00:10:49 (2623 turns).

rufusb the Skirmisher (Kobold Berserker)            Turns: 2623, Time: 00:10:49

Health: -4/52      AC:  7    Str: 22    XL:     5   Next: 43%
Magic:  5/5        EV: 15    Int:  5    God:    Trog [**....]
Gold:   89         SH:  0    Dex: 15    Spells: 0 memorised, 4 levels left

rFire  . . .     SeeInvis .     a - +0 short sword
rCold  . . .     Gourm    .     d - +0 ring mail
rNeg   . . .     Faith    .     (shield restricted)
rPois  .         Spirit   .     (no helmet)
rElec  .         Dismiss  .     l - +1 cloak
rCorr  .         Reflect  .     (no gloves)
SustAt .         Harm     .     (no boots)
MR     .....                    (no amulet)
Stlth  ..........               (no ring)
                                (no ring)

@: berserking, very quick, not resistant to hostile enchantments, extremely
unstealthy
A: carnivore 3
a: Berserk, Trog's Hand, Burn Spellbooks, Renounce Religion


You were on level 3 of the Dungeon.
You worshipped Trog.
Trog was pleased with you.
You were completely stuffed.

You visited 1 branch of the dungeon, and saw 3 of its levels.

You collected 89 gold pieces.

Inventory:

Hand Weapons
 a - a +0 short sword (weapon)
 h - a +0 mace
 k - a +3 quarterstaff of chaos
Missiles
 b - 12 bolts
Armour
 d - a +0 ring mail (worn)
 l - a +1 cloak (worn)
Jewellery
 m - an uncursed amulet of the gourmand
Scrolls
 i - a scroll of identify
 j - a scroll of teleportation
Potions
 e - a potion of ambrosia {unknown}
 f - a potion of cure mutation {unknown}
 g - a potion of cancellation {unknown}
Comestibles
 c - a meat ration
 n - 3 chunks of flesh


   Skills:
 + Level 5.1 Fighting
 - Level 4.0 Short Blades
 - Level 1.5 Armour
 + Level 4.3 Dodging
 + Level 1.3 Stealth


You had 4 spell levels left.
You didn't know any spells.

Dungeon Overview and Level Annotations

Branches:
Dungeon (3/15)

Altars:
Vehumet

Annotations:
D:3 Jessica


Innate Abilities, Weirdness & Mutations

You are small and have problems with some larger weapons.
You are carnivorous and can eat meat at any time.


Message History

Jessica is moderately wounded.
Jessica hits you.
You hit Jessica.
Jessica is heavily wounded.
Jessica casts a spell.
Jessica blinks!
Jessica casts a spell at you. You resist with some effort.
Jessica casts a spell at you. You resist with some effort.
Jessica points at you and mumbles some strange words.
Pain shoots through your body!
Jessica points at you and mumbles some strange words.
Pain shoots through your body!
* * * LOW HITPOINT WARNING * * *
A red film seems to cover your vision as you go berserk!
You feel yourself moving faster!
You feel mighty!
You feel somewhat less full.
Jessica points at you and mumbles some strange words.
Pain shoots through your body!
You die...

#######.# .......
#...# ...(... #.###
....... #.... .......
#..## ..... #..#. ...
#..#.
#.###############..#.
#...@@.............##
##################.#.
#.#. #.#. #... ####


You could see Jessica.

Vanquished Creatures
  Crazy Yiuf (D:2)
  A gnoll (D:1)
  3 adders
  A worm (D:2)
  3 giant geckos
  4 orcs (D:3)
  2 ball pythons (D:1)
  4 giant cockroaches (D:2)
  8 goblins
  6 hobgoblins
  4 jackals
  4 kobolds
  6 bats
  7 giant newts
  7 rats
61 creatures vanquished.

Notes
Turn   | Place    | Note
--------------------------------------------------------------
     0 | D:1      | rufusb the Kobold Berserker began the quest for the Orb.
     0 | D:1      | Reached XP level 1. HP: 14/14 MP: 1/1
   372 | D:1      | Reached XP level 2. HP: 19/19 MP: 2/2
   594 | D:1      | Reached XP level 3. HP: 20/24 MP: 3/3
   606 | D:1      | Reached skill level 1 in Stealth
  1296 | D:2      | Noticed Crazy Yiuf
  1302 | D:2      | Killed Crazy Yiuf
  1302 | D:2      | Reached XP level 4. HP: 18/30 MP: 4/4
  1639 | D:2      | Reached ** piety under Trog
  1922 | D:2      | Reached skill level 5 in Fighting
  1922 | D:2      | Reached XP level 5. HP: 30/35 MP: 5/5
  2277 | D:3      | Found a radiant altar of Vehumet.
  2599 | D:3      | Noticed Jessica
  2623 | D:3      | Killed from afar by Jessica

Vault maps used:
D:1:      shiori_shiawase
D:2:      nrook_mini_vaults, uniq_crazy_yiuf_cottage
D:3:      lemuel_crystal_altar, uniq_jessica

Action                   |  1- 3 |  4- 6 || total
-------------------------+-------+-------++-------
Melee: Short sword       |    77 |   143 ||   220
Invok: Berserk           |     2 |     2 ||     4
  Use: Scroll            |     2 |     3 ||     5
  Eat: Chunk             |     9 |     8 ||    17
